 Dungeon Crawl Stone Soup version 0.31-a0-1589-g8f5e8aebd6 (webtiles) character file.

Game seed: 983951407522080134

1 Laraso the Sneak (level 1, 0/18 HPs)
             Began as an Armataur Delver on Jan 5, 2024.
             Slain by a quokka (4 damage)
             ... on level 2 of the Dungeon.
             The game lasted 00:01:28 (217 turns).

Laraso the Sneak (Armataur Delver)                   Turns: 217, Time: 00:01:28

Health: 0/18       AC:  4    Str: 17    XL:     1   Next: 16%
Magic:  1/1        EV:  9    Int: 10    God:
Gold:   0          SH:  0    Dex: 11    Spells: 0/0 levels left

rFire   . . .        a - +0 mace
rCold   . . .        (no shield)
rNeg    . . .        b - +0 leather armour
rPois   .            (no helmet)
rElec   .            (no cloak)
rCorr   .            (no gloves)
SInv    .            (no barding)
Will    .....        (no amulet)
Stlth   +++          (no ring)
HPRegen 0.23/turn    (no ring)
MPRegen 1.06/turn

%: roll
@: hasted, very quick
A: large, deformed body, tough skin 3, armoured tail, roll 1
a: no special abilities


You were on level 2 of the Dungeon.
You visited 1 branch of the dungeon, and saw 4 of its levels.

Inventory:

Hand Weapons
 a - a +0 mace (weapon)
Missiles
 c - 4 poisoned darts
Armour
 b - a +0 leather armour (worn)
Wands
 g - a wand of digging (3)


   Skills:
 + Level 2.7 Fighting
 + Level 1.8 Maces & Flails
 + Level 1.4 Dodging
 + Level 5.5 Stealth


You couldn't memorise any spells.
You didn't know any spells.
Your spell library was empty.

Dungeon Overview and Level Annotations

Branches:
Dungeon (5/15)
 Temple: D:4-7

Altars:
Ashenzari

Annotations:
D:5 Menkaure


Innate Abilities, Weirdness & Mutations

Armour fits poorly on your strangely shaped body.
You have extremely tough skin. (AC +3)
You have a long armoured tail.
You regenerate magic when rolling toward enemies. (Rampage MPRegen)


Message History

Okay, then.
You feel yourself speed up. The adder bites you.
You are poisoned.
The adder poisons you! The adder bites you.
You feel sick.
Found a silvery potion.
You feel sick.
A ball python comes into view.
You feel sick.
You see here a silvery potion.
You roll towards the ball python!
You feel sick.
You roll towards the ball python!
The ball python hisses angrily.
You barely miss the ball python. You tail-slap the ball python.
You kill the ball python!
You feel sick.
You are no longer poisoned.
Found a stone staircase leading up.
There is a stone staircase leading up here.
You climb upwards.
There is a stone staircase leading down here.
You hit the quokka.
The quokka is lightly wounded.
The quokka barely misses you.
You miss the quokka.
The quokka is lightly wounded.
The quokka bites you.
You hit the quokka.
The quokka is heavily wounded.
The quokka bites you.
* * * LOW HITPOINT WARNING * * *
You closely miss the quokka.
The quokka is heavily wounded.
The quokka bites you but does no damage.
You closely miss the quokka.
The quokka is heavily wounded.
The quokka completely misses you.
You barely miss the quokka.
The quokka is heavily wounded.
The quokka bites you.
You die...

# ###.#
###....
#...# #r#
#@#
#........
..###....
#.## ..
.. .## #


You could see a quokka.

Vanquished Creatures
  A ball python (D:3)
1 creature vanquished.

Notes
Turn   | Place    | Note
-------+----------+-------------------------------------------
     0 | D:5      | Laraso the Armataur Delver began the quest for the Orb.
     0 | D:5      | Reached XP level 1. HP: 18/18 MP: 1/1
    19 | D:5      | Noticed a phantom
    38 | D:5      | Noticed Menkaure
    62 | D:5      | Noticed a black bear
    92 | D:5      | Noticed a scorpion
   135 | D:4      | Found a broken altar of Ashenzari.
   185 | D:3      | Noticed a sleepcap
   217 | D:2      | Slain by a quokka

Illustrated notes

Levels and vault maps discovered:
D:2:      layout_rooms
D:3:      layout_loops_cross
D:4:      layout_loops_cross, nicolae_ashenzari_skybound,
          minmay_temple_entry_sparse_star, nicolae_shop_firing_range
D:5:      lemuel_insect_pit, layout_loops_ring, nicolae_zig_zag_zippers,
          uniq_duvessa, uniq_sigmund, uniq_menkaure

Action                     || total
---------------------------++-------
  Melee: Mace              ||     7
         Tailslap          ||     1
    Use: Scroll            ||     3
         Potion            ||     1
 Armour: Leather armour    ||    13
  Dodge: Dodged            ||     2

Table legend: (Time is in decaauts)
 A = Elapsed time spent in this place.
 B = Non-inter-level travel time spent in this place.
 C = Inter-level travel time spent in this place.
 D = Time resting spent in this place.
 E = Time spent auto-exploring this place.
 F = Levels seen in this place.
 G = Mean time per level.
                   A        B        C        D        E       F      G
               +--------+--------+--------+--------+--------+-----+--------+
         Total |    210 |    210 |      0 |     11 |     19 |   4 |   52.5 |
       Dungeon |    210 |    210 |      0 |     11 |     19 |   4 |   52.5 |
               +--------+--------+--------+--------+--------+-----+--------+

Top non-repeatable levels by time:
     D:5: 123 daAuts
     D:3: 43 daAuts
     D:4: 36 daAuts
     D:2: 6 daAuts
